 Dungeon Crawl Stone Soup version 0.23.2-30-g0e89c35649 (webtiles) character file.

Game seed: 9870309823661493332

4882 dvd the Arsonist (level 10, -2/60 HPs)
             Began as an Octopode Fire Elementalist on June 19, 2019.
             Was a Believer of Vehumet.
             Slain by a wight
             ... wielding a +0 scimitar
              (5 damage)
             ... on level 8 of the Dungeon.
             The game lasted 00:23:22 (9450 turns).

dvd the Arsonist (Octopode Fire Elementalist)       Turns: 9450, Time: 00:23:23

Health: -2/60      AC:  1    Str:  7    XL:     10   Next: 50%
Magic:  1/22       EV: 13    Int: 21    God:    Vehumet [**....]
Gold:   370        SH:  0    Dex: 13    Spells: 4/25 levels left

rFire    . . .     SeeInvis .   B - +4 rapier (vamp)
rCold    . . .     Gourm    .   (no shield)
rNeg     . . .     Faith    .   (helmet restricted)
rPois    .         Spirit   .   (no amulet)
rElec    .         Reflect  .   q - ring of wizardry
rCorr    .         Harm     .   (no ring)
MR       .....                  (no ring)
Stlth    ++++......             (no ring)
HPRegen  0.20/turn              (no ring)
MPRegen  0.18/turn              (no ring)
                                (no ring)
                                (no ring)

@: studying Axes, drained
A: almost no armour, stealthy swim, amphibious, 8 rings, constrict 8, camouflage
1, gelatinous body 1
a: Renounce Religion


You were on level 8 of the Dungeon.
You worshipped Vehumet.
Vehumet was pleased with you.
You were very hungry.

You visited 2 branches of the dungeon, and saw 9 of its levels.

You collected 370 gold pieces.

Inventory:

Hand Weapons
 d - a +0 dagger
 k - a +0 short sword
 x - a +4 quarterstaff of chaos
 y - a +1 scythe of venom
 z - a +0 long sword
 B - a +4 vampiric rapier (weapon)
Armour
 N - a +0 large shield
Jewellery
 q - a ring of wizardry (left tentacle)
 G - an uncursed amulet of guardian spirit
Wands
 r - a wand of flame (4)
 w - a wand of digging (5)
 E - a wand of random effects (14)
 L - a wand of paralysis (4)
 M - a wand of iceblast (10)
 P - a wand of clouds (8)
Scrolls
 g - a scroll of magic mapping {unknown}
 h - 9 scrolls of identify {unknown}
 i - 3 scrolls of noise {unknown}
 j - 2 scrolls of teleportation {unknown}
 m - 2 scrolls of enchant weapon {unknown}
 n - 5 scrolls of remove curse {unknown}
 u - 3 scrolls of amnesia {unknown}
 A - 2 scrolls of enchant armour {unknown}
 C - 2 scrolls of blinking {unknown}
 D - 3 scrolls of fear {unknown}
 F - 2 scrolls of immolation {unknown}
 J - a scroll of random uselessness {unknown}
 O - a scroll of silence {unknown}
Potions
 a - 2 potions of flight {unknown}
 c - 5 potions of heal wounds
 e - a potion of resistance {unknown}
 f - a potion of berserk rage {unknown}
 l - 4 potions of curing
 o - a potion of brilliance {unknown}
 p - a potion of mutation {unknown}
 s - a potion of haste
 t - 2 potions of agility {unknown}
 v - 2 potions of magic {unknown}
 I - a potion of ambrosia {unknown}
 K - a potion of invisibility {unknown}
Books
 H - a manual of Axes
Comestibles
 b - 13 rations
 Q - 4 chunks of flesh


   Skills:
 + Level 1.7(1.0) Fighting
 + Level 3.3(2.6) Short Blades
 + Level 3.0(2.3) Dodging
 + Level 5.9(5.1) Stealth
 * Level 8.2(7.4) Spellcasting
 * Level 7.4(6.6) Conjurations
 * Level 8.5(7.7) Fire Magic
 + Level 0.6(0.0) Evocations


You had 4 spell levels left.
You knew the following spells:

 Your Spells              Type           Power        Failure   Level  Hunger
a - Flame Tongue          Conj/Fire      #####        1%          1    None
b - Throw Flame           Conj/Fire      #####.       1%          2    None
c - Sticky Flame          Conj/Fire      #####...     1%          4    ###....
d - Fireball              Conj/Fire      #####.....   4%          5    #####..
e - Blink                 Tloc           N/A          5%          2    None
f - Searing Ray           Conj           #####.       1%          2    None
g - Shroud of Golubria    Chrm/Tloc      #.........   5%          2    None
h - Confuse               Hex            #.......     11%         3    None

Your spell library contained the following spells:

 Spells                   Type           Power        Failure   Level  Hunger
 Stone Arrow              Conj/Erth      ###...       2%          3    None
 Conjure Flame            Conj/Fire      #####...     1%          3    None
 Dazzling Spray           Conj/Hex       ###...       2%          3    None
 Inner Flame              Hex/Fire       ###.....     2%          3    None
 Animate Skeleton         Necr           N/A          3%          1    None
 Apportation              Tloc           #.....       3%          1    None
 Confusing Touch          Hex            #.....       3%          1    None
 Corona                   Hex            #......      3%          1    None
 Summon Small Mammal      Summ           #...         3%          1    None
 Ensorcelled Hibernation  Hex/Ice        #.....       5%          2    None
 Slow                     Hex            #.......     5%          2    None
 Gell's Gravitas          Tloc           #.........   11%         3    None
 Lesser Beckoning         Tloc           #.........   11%         3    None
 Portal Projectile        Hex/Tloc       #.....       11%         3    None
 Teleport Other           Tloc           #.......     11%         3    None
 Tukima's Dance           Hex            #.......     11%         3    None
 Cause Fear               Hex            #.........   32%         4    ###....
 Leda's Liquefaction      Hex/Erth       #.........   32%         4    ###....
 Passage of Golubria      Tloc           N/A          32%         4    ###....


Dungeon Overview and Level Annotations

Branches:
Dungeon (8/15)             Temple (1/1) D:5
   Lair: D:8-11

Altars:
Ashenzari
Cheibriados
Dithmenos
Elyvilon
Fedhas
Gozag
Hepliaklqana
Kikubaaqudgha
Makhleb
Nemelex Xobeh
Okawaru
Qazlal
Ru
Sif Muna
Trog
Uskayaw
Vehumet
Wu Jian
Xom
Yredelemnul
Zin
The Shining One

Shops:
D:5 (

Annotations:
D:3 Grinder


Innate Abilities, Weirdness & Mutations

You cannot wear most types of armour.
You are very stealthy in the water. (Stealth+)
You are amphibious.
You can wear up to eight rings at the same time.
You can use your tentacles to constrict eight enemies at once.
Your skin changes colour to match your surroundings (Stealth+).
Your rubbery body absorbs attacks. (AC +1, EV +1)


Message History

The wight is lightly damaged.
The wight hits you with a +0 scimitar!
Casting: Flame Tongue (safe; 1% risk of failure)
Confirm with . or Enter, or press ? or * to list all spells.
Aiming: Flame Tongue (safe; 1% risk of failure)
Press: ? - help, Shift-Dir - straight line, f/p - wight
Aim: a wight, wielding a +0 scimitar and wearing a +0 robe (lightly damaged)
The flame tongue hits the wight.
The wight is moderately damaged.
The wight hits you with a +0 scimitar!
* * * LOW HITPOINT WARNING * * *
You feel drained.
* * * LOW HITPOINT WARNING * * *
You barely miss the wight. You grab the wight. Your squeeze misses the wight.
The wight is moderately damaged.
You constrict the wight, but do no damage.
The wight hits you with a +0 scimitar!
* * * LOW HITPOINT WARNING * * *
You feel drained.
You die...

...##+##....####....#######
##'#.....#................#
.........#..#.............####
.........#..+.............#..#
.........#'##.............#..#
....#####........#+####'###..#
..).# #........#.......##..#
....# #........z.......##..#
....# #.......@#...........##
....# ##'##....#+#####+##...#
.)..# #..#.............#'#.#
....# #..#.................#
....# #..'...........>z....#
....# #..#.................#
....#### ####.................###
.......############.....#######.#
.......#..'....'..#.....#........


You could see a wight.

Vanquished Creatures
  Maurice (D:8)
  Psyche (D:8)
  Prince Ribbit (D:5)
  2 hippogriffs (D:8)
  Sigmund (D:3)
  Eustachio (D:5)
  Menkaure (D:5)
  2 sky beasts (D:5)
  2 phantoms (D:7)
  An orc warrior (D:7)
  3 ice beasts
  2 black bears
  4 ogres
  2 centaurs
  Blork the orc (D:5)
  3 bullfrogs
  A big kobold (D:7)
  A scorpion (D:6)
  A wyvern skeleton (D:8)
  3 wights (D:8)
  2 electric eels (D:8)
  3 vampire bats (D:7)
  A crimson imp (D:6)
  2 centaur skeletons
  A centaur zombie (D:8)
  A bullfrog zombie (D:8)
  4 hounds
  Crazy Yiuf (D:3)
  2 bullfrog skeletons
  An orc priest (D:7)
  A jelly (D:5)
  4 iguanas (D:8)
  5 orc wizards
  7 worker ants
  2 hound skeletons
  A worker ant zombie (D:6)
  Robin (D:2)
  A gnoll (D:1)
  A howler monkey skeleton (D:5)
  8 adders
  2 shadow imps (D:8)
  An ooze (D:1)
  An adder skeleton (D:8)
  2 worms
  2 dart slugs
  5 leopard geckos
  15 orcs
  A bat skeleton (D:7)
  4 bat zombies (D:7)
  10 giant cockroaches
  20 goblins
  10 hobgoblins
  10 jackals
  3 quokkas (D:4)
  4 ball pythons
  8 bats
  6 frilled lizards
  10 kobolds
  8 rats
  A plant (D:8)
206 creatures vanquished.

Notes
Turn   | Place    | Note
-------+----------+-------------------------------------------
     0 | D:1      | dvd the Octopode Fire Elementalist began the quest for the
                  | Orb.
     0 | D:1      | Reached XP level 1. HP: 11/11 MP: 3/3
    63 | D:1      | Reached XP level 2. HP: 13/17 MP: 0/5
   208 | D:1      | Reached XP level 3. HP: 19/21 MP: 0/6
   218 | D:1      | Learned a level 2 spell: Throw Flame
  1070 | D:2      | Reached XP level 4. HP: 20/27 MP: 0/7
  1558 | D:2      | Noticed Robin
  1756 | D:2      | Killed Robin
  2062 | D:3      | Reached XP level 5. HP: 29/32 MP: 2/8
  2261 | D:3      | Noticed Grinder
  2446 | D:3      | Learned a level 4 spell: Sticky Flame
  2817 | D:3      | Found a runed translucent door.
  2818 | D:3      | Noticed Crazy Yiuf
  2825 | D:3      | Killed Crazy Yiuf
  3034 | D:3      | Noticed Sigmund
  3037 | D:3      | Killed Sigmund
  3037 | D:3      | Reached XP level 6. HP: 26/37 MP: 7/10
  3416 | D:4      | Reached skill level 1 in Short Blades
  3462 | D:4      | Reached skill level 1 in Fighting
  3815 | D:4      | Reached skill level 5 in Stealth
  3834 | D:4      | Reached XP level 7. HP: 34/43 MP: 2/12
  3924 | D:4      | Learned a level 5 spell: Fireball
  4217 | D:4      | Found the +9 scales of the Dragon King {rPois rF+ rC+ MR+}
  4287 | D:5      | Entered Level 5 of the Dungeon
  4287 | D:5      | Noticed Prince Ribbit
  4364 | D:5      | Killed Prince Ribbit
  4364 | D:5      | Reached skill level 5 in Fire Magic
  4719 | D:5      | Reached XP level 8. HP: 44/48 MP: 6/14
  4774 | D:5      | Noticed Eustachio
  4787 | D:5      | Killed Eustachio
  4790 | D:5      | Found a staircase to the Ecumenical Temple.
  4937 | Temple   | Entered the Ecumenical Temple
  4962 | Temple   | Became a worshipper of Vehumet
  5439 | D:5      | Noticed Blork the orc
  5448 | D:5      | Killed Blork the orc
  5551 | D:5      | Noticed Menkaure
  5556 | D:5      | Killed Menkaure
  5556 | D:5      | Reached skill level 5 in Spellcasting
  5562 | D:5      | Reached skill level 5 in Conjurations
  5666 | D:5      | Found Viadghoroth's Antique Weapon Emporium.
  6233 | D:6      | Reached XP level 9. HP: 53/53 MP: 11/17
  6799 | D:6      | Learned a level 2 spell: Blink
  7090 | D:6      | Reached * piety under Vehumet
  7090 | D:6      | Offered knowledge of Sting by Vehumet.
  7842 | D:7      | Found an ancient bone altar of Kikubaaqudgha.
  8285 | D:7      | Offered knowledge of Searing Ray by Vehumet.
  8293 | D:7      | Learned a level 2 spell: Searing Ray
  8493 | D:8      | Reached ** piety under Vehumet
  8501 | D:8      | Reached XP level 10. HP: 59/59 MP: 13/21
  8590 | D:8      | Learned a level 2 spell: Shroud of Golubria
  8608 | D:8      | Learned a level 3 spell: Confuse
  8639 | D:8      | Noticed Psyche
  8647 | D:8      | Killed Psyche
  9026 | D:8      | Noticed Maurice
  9034 | D:8      | Killed Maurice
  9411 | D:8      | Offered knowledge of Stone Arrow by Vehumet.
  9450 | D:8      | HP: 3/60 [wight/+0 scimitar (10)]
  9450 | D:8      | Slain by a wight

Skill      XL: |  1  2  3  4  5  6  7  8  9 10 |
---------------+-------------------------------+-----
Stealth        | 3 4 5 |  5.9
Fire Magic     | 4 5 6 7 8 |  8.5
Conjurations   | 2 3 4 5 6 7 |  7.4
Spellcasting   | 3 4 5 7 8 |  8.2
Short Blades   | 1 2 3 |  3.3
Fighting       | 1 |  1.7
Dodging        | 3 |  3.0
Evocations     | |  0.6

Action                   |  1- 3 |  4- 6 |  7- 9 | 10-12 || total
-------------------------+-------+-------+-------+-------++-------
Melee: Unarmed           |     6 |       |       |       ||     6
       Tentacles         |     4 |     6 |     9 |     2 ||    21
       Dagger            |    24 |    28 |     8 |       ||    60
       Constrict         |     6 |     8 |    16 |     3 ||    33
       Rapier            |       |       |    65 |    20 ||    85
 Cast: Flame Tongue      |    38 |    67 |   105 |     8 ||   218
       Throw Flame       |    11 |    20 |    52 |     5 ||    88
       Sticky Flame      |       |       |    17 |    12 ||    29
       Fireball          |       |       |    12 |    13 ||    25
Evoke: Wand              |       |       |     3 |       ||     3
 Stab: Sleeping          |     3 |     7 |     2 |     3 ||    15
       Distracted        |       |       |     1 |       ||     1
  Eat: Chunk             |     1 |    10 |    18 |     6 ||    35
       Ration            |       |       |     2 |       ||     2
Armor: Skin              |     5 |     1 |     5 |     2 ||    13
Dodge: Dodged            |    31 |    35 |    60 |    20 ||   146
